 Dungeon Crawl Stone Soup version 0.27-a0-1202-ge72e49191c (webtiles) character file.

Game seed: 1127155726181437820

91 sanka the Skirmisher (level 4, 0/37 HPs)
             Began as a Djinni Artificer on June 4, 2021.
             Slain by a ball python (1 damage)
             ... on level 3 of the Dungeon.
             The game lasted 00:02:31 (2297 turns).

sanka the Skirmisher (Djinni Artificer)             Turns: 2297, Time: 00:02:32

Health: 0/37       AC:  3    Str: 11    XL:     4   Next: 87%
Gold:   43         EV:  9    Int: 13    God:
                   SH:  0    Dex: 14

rFire    + + .     SeeInvis +   j - +0 whip
rCold    x . .     Faith    .   (no shield)
rNeg     . . .     Spirit   .   b - +0 leather armour
rPois    ∞         Reflect  .   (no helmet)
rElec    .         Harm     .   (no cloak)
rCorr    .         Rampage  .   (no gloves)
Will     .....                  (boots unavailable)
Stlth    +.........             (no amulet)
HPRegen  0.12/turn              (no ring)
MPRegen  0.00/turn              g - ring of see invisible

@: flying, constricted
A: sickness immunity, fire resistance 2, cold vulnerability 1, float, innate
caster, hp casting, extra vitality 1
a: no special abilities


You were on level 3 of the Dungeon.
You visited 1 branch of the dungeon, and saw 3 of its levels.

You collected 43 gold pieces.


Innate Abilities, Weirdness & Mutations

You are immune to sickness and miasma.
You are immune to poison.
Your flesh is very heat resistant. (rF++)
You are vulnerable to cold. (rC-)
You float through the air rather than walking.
You learn spells naturally, not from books.
Your magical power is your life essence.
You have superior vitality. (+4 HP)


   Skills:
 + Level 3.7 Fighting
 - Level 1.0 Armour
 - Level 2.1 Dodging
 - Level 0.7 Stealth
 + Level 1.2 Spellcasting
 - Level 3.0 Evocations


You had 4 spell levels left.
You knew the following spells:

 Your Spells              Type           Power      Damage    Failure   Level
z - Summon Small Mammal   Summ           16%        N/A       22%         1
Your spell library was empty.

Inventory:

Hand Weapons
 a - a +0 club
 j - a +0 whip (weapon)
Missiles
 h - a throwing net {=f}
Armour
 b - a +0 leather armour (worn)
Jewellery
 g - a ring of see invisible (right hand)
Wands
 c - a wand of flame (13) (quivered)
 d - a wand of charming (15)
Scrolls
 f - a scroll of noise {unknown}
 i - a scroll of teleportation {unknown}
Miscellaneous
 e - a piece from Xom's chessboard (15/15)

Dungeon Overview and Level Annotations

Branches:
Dungeon (2/15)

Altars:
Elyvilon

Portals:
Sewer: D:3

▒......▒ ▒.▒.▒+▒▒▒
.▒▒▒.▒.l...▒
▒.........▒.▒
.........>▒.▒
▒▒▒▒▒▒....▒.▒▒▒▒▒▒
▒.......l...▒
▒.▒▒≈≈r≈w▒▒S▒ ▒.
▒≈≈≈≈≈▒▒R▒
▒.≈≈.....≈≈.▒
▒.≈≈.....≈≈.▒
▒..≈≈..∩..≈≈.▒
▒..≈≈≈..≈.≈≈.▒
▒..≈≈.....≈≈.▒
▒..▒▒≈≈.≈≈▒▒.▒
≈≈.≈≈ ▒.▒


You could see a ball python.


Message History

* * * LOW HITPOINT WARNING * * *
Your bat hits the worm. The worm bites your bat!
Your bat dies!
Unknown command.
You don't have enough health to cast this spell.
Your rat barely misses the worm.
Your rat bites the worm.
The iguana bites your rat.
Your rat dies!
Found a stone staircase leading down.
Found a glowing drain.
There is a stone staircase leading down here.
A ball python and a worm come into view.
The ball python hisses angrily.
A river rat comes into view.
The ball python closely misses you. The ball python grabs you.
* * * LOW HITPOINT WARNING * * *
The ball python constricts you.
You escape the ball python's grasp.
The ball python barely misses you. The ball python grabs you.
* * * LOW HITPOINT WARNING * * *
The ball python constricts you.
You escape the ball python's grasp.
The ball python bites you.
* * * LOW HITPOINT WARNING * * *
The ball python grabs you.
You die...

Action                   |  1- 3 |  4- 6 || total
-------------------------+-------+-------++-------
Melee: Club              |    53 |       ||    53
       Whip              |    43 |    45 ||    88
 Cast: Summon Small Mamm |       |     8 ||     8
Evoke: Wand              |     2 |       ||     2
 Stab: Sleeping          |     2 |       ||     2
Armor: Leather armour    |    21 |     8 ||    29
Dodge: Dodged            |    61 |    42 ||   103

Levels and vault maps discovered:
D:1:      minmay_arrival_solitary_statue, layout_basic, serial_bayou,
          serial_bayou_shore_b, serial_bayou_shore_a, serial_bayou_pond_b,
          serial_bayou_ford_a
D:2:      layout_basic, hellmonk_ecumenical_altar_inner_sanctum,
          hex_intersection, uniq_natasha
D:3:      layout_basic, nicolae_overflow_hidden_temple, old_standard_altar,
          nicolae_overflow_crystal_walls, cheibrodos_sewer_entry_sluice,
          minmay_box_of_dots

Notes
Turn   | Place    | Note
-------+----------+-------------------------------------------
     0 | D:1      | sanka the Djinni Artificer began the quest for the Orb.
     0 | D:1      | Reached XP level 1. HP: 17/17 MP: 0/0
   278 | D:1      | Reached skill level 2 in Fighting
   278 | D:1      | Reached XP level 2. HP: 13/23 MP: 0/0
  1614 | D:2      | Reached skill level 3 in Fighting
  1614 | D:2      | Reached XP level 3. HP: 24/30 MP: 0/0
  1614 | D:2      | Learned a level 1 spell: Summon Small Mammal
  1944 | D:2      | Noticed Natasha
  1948 | D:2      | Killed Natasha
  1949 | D:2      | Reached skill level 1 in Spellcasting
  1949 | D:2      | Reached XP level 4. HP: 35/35 MP: 0/0
  2160 | D:2      | You are sucked into a shaft and drop 1 floor!
  2191 | D:3      | Found a white marble altar of Elyvilon.
  2255 | D:3      | HP: 2/36 [adder (2)]
  2286 | D:3      | Found a glowing drain.
  2291 | D:3      | HP: 3/37 [ball python (1)]
  2297 | D:3      | HP: 1/37 [ball python (2)]
  2297 | D:3      | Slain by a ball python

Vanquished Creatures
  Natasha (D:2)
  4 adders
  A ball python (D:1)
  3 endoplasms
  A giant cockroach (D:2)
  3 hobgoblins (D:1)
  8 jackals
  3 kobolds
  3 quokkas
  2 rats (D:1)
29 creatures vanquished.

Vanquished Creatures (others)
  A plant (D:1)
1 creature vanquished.

Grand Total: 30 creatures vanquished
